[Event "Titled Tuesday Blitz October 18 Late 2022"]
[White "Mortazavi, Ali"]
[Black "Harvey, Marcus R"]
[WhiteFideId "401323"]
[BlackFideId "400092"]
[WhiteElo "2339"]
[BlackElo "2457"]
[Result "0-1"]
[Round "09"]
[TimeControl "180+1"]
[Date "2022.10.18"]
[WhiteClock "0:00:15"]
[BlackClock "0:00:07"]

1. Nf3 Nf6 2. g3 d5 3. Bg2 Bg4 4. O-O e6 5. d3 Nbd7 6. c4 c6 7. Be3 Bxf3 8. Bxf3 Ne5 9. Bg2 dxc4 10. d4 Ned7 11. a4 Bb4 12. Qc2 Nb6 13. a5 Nbd5 14. Bd2 O-O 15. Qxc4 Bxd2 16. Nxd2 Qe7 17. a6 b5 18. Qxc6 Qb4 19. Qc2 Qxd4 20. e3 Qb6 21. Nb3 Rac8 22. Qe2 Nb4 23. Bb7 Rc2 24. Qf3 Rxb2 25. Nd4 Nc2 26. Nxc2 Rxc2 27. Rfb1 b4 28. Qf4 b3 29. Qa4 Qc5 30. Qxb3 Ng4 31. Rf1 Rc3 32. Qa4 h5 33. Qf4 Rc4 34. Qf3 Rd8 35. Rad1 Rxd1 36. Rxd1 Rc1 37. Kg2 Rxd1 38. Qxd1 Kh7 39. Qb1+ g6 40. Qe4 Nf6 41. Qf3 Kg7 42. Ba8 Qb6 43. Bb7 Nd7 44. Qd1 Ne5 45. Qd4 Qxd4 46. exd4 Nc4 47. Kf3 Kf6 48. Ke4 Ke7 49. d5 Nd6+ 50. Ke5 f6+ 51. Kd4 e5+ 52. Kc5 Ne4+ 53. Kc6 Kd8 54. d6 Nxf2 55. Ba8 e4 56. Kc5 e3 57. Bf3 Nd3+ 58. Kc6 Ne5+ 59. Kb7 Nxf3 60. Kxa7 e2 61. Kb8 e1=Q 62. a7 Qb4+ 63. Ka8 Ne5 0-1


[Site "https://www.chess.com"]

[Event "Titled Tuesday Blitz October 18 Late 2022"]
[White "Nakamura, Hikaru"]
[Black "Bortnyk, Mykola"]
[WhiteFideId "2016192"]
[BlackFideId "14120836"]
[WhiteElo "2909"]
[BlackElo "2582"]
[Result "1/2-1/2"]
[Round "09"]
[TimeControl "180+1"]
[Date "2022.10.18"]
[WhiteClock "0:00:24"]
[BlackClock "0:00:10"]

1. g4 d5 2. Bg2 c6 3. h3 e5 4. d3 h6 5. f4 Qh4+ 6. Kf1 Bc5 7. e3 exf4 8. Nf3 Qf6 9. exf4 Ne7 10. Nc3 h5 11. f5 hxg4 12. hxg4 Rxh1+ 13. Bxh1 g6 14. Qe1 gxf5 15. g5 Qh8 16. Bg2 Be6 17. Ne2 Ng6 18. c3 Nd7 19. Nf4 Ndf8 20. Be3 Bxe3 21. Qxe3 Nxf4 22. Qxf4 O-O-O 23. Kf2 Ng6 24. Qd4 Qxd4+ 25. Nxd4 Rh8 26. Rg1 Kd7 27. b4 Rh5 28. Bf3 Rh2+ 29. Rg2 Rxg2+ 30. Bxg2 b6 31. Bf3 a6 32. Ne2 Ke7 33. d4 Nf8 34. Ke3 f6 35. gxf6+ Kxf6 36. Nf4 Bf7 37. Be2 a5 38. Ba6 axb4 39. cxb4 b5 40. Bc8 Be6 41. Bb7 Bd7 42. Nd3 Ke7 43. Nc5 Kd6 44. a4 bxa4 45. Nxa4 Ne6 46. Nc5 f4+ 47. Kf3 Nxd4+ 48. Kxf4 Nc2 49. Nd3 Kc7 50. Ba8 Kb8 51. Ne5 Kxa8 52. Nxd7 Nxb4 53. Ke5 Kb7 54. Kd6 d4 55. Ne5 Kb6 56. Nc4+ Kb5 57. Nd2 d3 58. Ke5 c5 59. Ke4 c4 60. Kd4 Nc2+ 61. Kc3 Ne3 62. Nxc4 Nxc4 63. Kxd3 1/2-1/2


[Site "https://www.chess.com"]

[Event "Titled Tuesday Blitz October 18 Late 2022"]
[White "O`Gorman, Tom"]
[Black "Souleidis, Georgios"]
[WhiteFideId "2508249"]
[BlackFideId "4206827"]
[WhiteElo "2271"]
[BlackElo "2401"]
[Result "0-1"]
[Round "09"]
[TimeControl "180+1"]
[Date "2022.10.19"]
[WhiteClock "0:01:06"]
[BlackClock "0:00:22"]

1. e4 c5 2. Nf3 e6 3. d4 cxd4 4. Nxd4 Nf6 5. Bd3 d5 6. e5 Nfd7 7. f4 Nc6 8. Nxc6 bxc6 9. O-O Be7 10. Nd2 O-O 11. c3 a5 12. Rf3 g6 13. Rh3 Ba6 14. Bc2 Qb6+ 15. Kh1 Qf2 16. Nb3 Be2 17. Qg1 Qxg1+ 18. Kxg1 c5 19. Be3 a4 20. Nd2 Rfb8 21. Rb1 Bg4 22. Rg3 Bh5 23. Bd3 c4 24. Bc2 Nc5 25. a3 Be2 26. Bxc5 Bxc5+ 27. Kh1 Bf2 28. Rh3 Bg4 29. Rf3 Bxf3 30. Nxf3 Be3 31. g3 Rb7 0-1


[Site "https://www.chess.com"]

[Event "Titled Tuesday Blitz October 18 Late 2022"]
[White "Omariev, Maksim"]
[Black "Rego, Pedro Filipe"]
[WhiteFideId "4193423"]
[BlackFideId "1904310"]
[WhiteElo "2405"]
[BlackElo "2200"]
[Result "1-0"]
[Round "09"]
[TimeControl "180+1"]
[Date "2022.10.19"]
[WhiteClock "0:00:02"]
[BlackClock "0:00:07"]

1. b3 e5 2. Bb2 Nc6 3. h3 d5 4. g4 Be6 5. Bg2 Qd7 6. d3 O-O-O 7. e3 h5 8. g5 f5 9. Nd2 g6 10. a3 Bg7 11. b4 Nge7 12. Nb3 Qd6 13. b5 Nb8 14. a4 Rhg8 15. Ba3 c5 16. Bxc5 Qc7 17. a5 b6 18. axb6 axb6 19. Bb4 e4 20. d4 Kd7 21. Ne2 Ke8 22. Nf4 Kf7 23. O-O Rge8 24. h4 Nd7 25. Nc1 Ra8 26. Rxa8 Rxa8 27. Nce2 Nf8 28. Ng3 Ra4 29. c3 Ra7 30. f3 Qd7 31. fxe4 dxe4 32. Qe2 Rc7 33. Nxe6 Qxe6 34. Nxe4 Kg8 35. Nd6 Nd5 36. Bxd5 Qxd5 37. c4 Qa8 38. c5 bxc5 39. dxc5 Ne6 40. c6 Qa4 41. Qc4 Re7 42. c7 Rxc7 43. Qxe6+ Kh7 44. Rf4 Qd1+ 45. Kg2 Rc2+ 46. Rf2 Qg4+ 47. Kf1 Qd1+ 48. Kg2 Qg4+ 49. Kf1 Qd1+ 50. Be1 Qd3+ 51. Kg2 Rc1 52. Bd2 Rc2 53. Nxf5 Rxd2 54. Ng3 Rxf2+ 55. Kxf2 Qd2+ 56. Ne2 Qd1 57. b6 Qb3 58. Qc6 Qd5 59. Qxd5 Be5 60. b7 Bb8 61. Qd7+ 1-0


[Site "https://www.chess.com"]

[Event "Titled Tuesday Blitz October 18 Late 2022"]
[White "Ovezdurdyyeva, Jemal"]
[Black "Cruz, William Ferreira Da"]
[WhiteFideId "14001888"]
[BlackFideId "2118050"]
[WhiteElo "1961"]
[BlackElo "2223"]
[Result "1/2-1/2"]
[Round "09"]
[TimeControl "180+1"]
[Date "2022.10.19"]
[WhiteClock "0:00:37"]
[BlackClock "0:00:58"]

1. e4 e6 2. d4 d5 3. Nd2 Nf6 4. e5 Nfd7 5. Ngf3 c5 6. c3 Nc6 7. Be2 Qb6 8. Nb3 cxd4 9. cxd4 a5 10. a4 Bb4+ 11. Kf1 h6 12. g3 g6 13. Kg2 Kf8 14. Be3 Kg7 15. h4 Be7 16. h5 g5 17. Nh2 f5 18. exf6+ Nxf6 19. Ng4 Qc7 20. Nc5 Bxc5 21. dxc5 Nxg4 22. Bxg4 e5 23. Bxc8 Raxc8 24. Qxd5 Rcd8 25. Qe4 Qf7 26. Rad1 Rhf8 27. g4 Qe6 28. Rhe1 Rxd1 29. Rxd1 Rf4 30. Bxf4 Qxg4+ 31. Kh2 Qxh5+ 32. Kg2 Qg4+ 33. Kh2 Qh4+ 34. Kg2 Qg4+ 35. Kh2 Qh4+ 36. Kg2 Qg4+ 1/2-1/2


[Site "https://www.chess.com"]

[Event "Titled Tuesday Blitz October 18 Late 2022"]
[White "Ozalp, Burak"]
[Black "Itkis, Boris"]
[WhiteFideId "6314210"]
[BlackFideId "1209167"]
[WhiteElo "2106"]
[BlackElo "2232"]
[Result "1-0"]
[Round "09"]
[TimeControl "180+1"]
[Date "2022.10.19"]
[WhiteClock "0:00:11"]
[BlackClock "0:00:08"]

1. d4 d5 2. Nf3 Nf6 3. g3 c5 4. dxc5 e6 5. Bg2 Bxc5 6. O-O O-O 7. b3 Nc6 8. Bb2 Re8 9. Ne5 Qc7 10. Nxc6 Qxc6 11. Nd2 Qc7 12. e4 d4 13. e5 Qxe5 14. Nf3 Qc7 15. Nxd4 e5 16. Nb5 Qb6 17. c4 Bg4 18. Qc2 Rad8 19. Rae1 a6 20. Nc3 Bd4 21. Nd5 Nxd5 22. Bxd4 Qxd4 23. Bxd5 Rxd5 24. cxd5 Bh3 25. Qe4 Qxe4 26. Rxe4 Bxf1 27. Kxf1 f6 28. Rc4 Kf7 29. Rc7+ Kg6 30. Rxb7 Rd8 31. Rb6 Rxd5 32. Rxa6 Rd2 33. a4 Rb2 34. Rb6 Kf5 35. Rb4 e4 36. a5 Kg4 37. Rxe4+ Kh3 38. Rh4# 1-0


[Site "https://www.chess.com"]

[Event "Titled Tuesday Blitz October 18 Late 2022"]
[White "Pakleza, Zbigniew"]
[Black "Osmak, Yuliia"]
[WhiteFideId "1119290"]
[BlackFideId "14101602"]
[WhiteElo "2411"]
[BlackElo "2328"]
[Result "0-1"]
[Round "09"]
[TimeControl "180+1"]
[Date "2022.10.18"]
[WhiteClock "0:00:01"]
[BlackClock "0:00:36"]

1. d4 Nf6 2. Nf3 e6 3. Bf4 d5 4. e3 Bd6 5. Bg3 O-O 6. Nbd2 c5 7. c3 Qc7 8. Be2 Nbd7 9. c4 b6 10. Rc1 dxc4 11. Nxc4 Bxg3 12. hxg3 Bb7 13. O-O Rfd8 14. Qb3 Rac8 15. Qa3 Bd5 16. dxc5 Nxc5 17. b4 Nce4 18. Nce5 Qe7 19. Nd4 Qd6 20. Nd3 Nd2 21. Rfd1 Nc4 22. Qa6 Qb8 23. Nf4 Bb7 24. Qb5 a6 25. Qg5 h6 26. Qh4 Nb2 27. Rxc8 Qxc8 28. Rb1 e5 29. Nh5 Nxh5 30. Bxh5 exd4 31. Rxb2 g5 32. Qg4 Qc1+ 33. Kh2 Qxb2 34. Qf5 Qxa2 35. Qf6 Qd5 36. Qxh6 Qxg2# 0-1


[Site "https://www.chess.com"]

[Event "Titled Tuesday Blitz October 18 Late 2022"]
[White "Papasimakopoulos, Alexandros"]
[Black "Ballester Llagaria, Luis Eduardo"]
[WhiteFideId "4244125"]
[BlackFideId "2297620"]
[WhiteElo "2357"]
[BlackElo "2344"]
[Result "0-1"]
[Round "09"]
[TimeControl "180+1"]
[Date "2022.10.18"]
[WhiteClock "0:00:11"]
[BlackClock "0:00:12"]

1. d4 d5 2. c4 dxc4 3. Nf3 Nf6 4. e3 e6 5. Bxc4 a6 6. O-O b5 7. Bd3 Bb7 8. a4 b4 9. b3 Nbd7 10. Nbd2 c5 11. Bb2 Be7 12. Qe2 O-O 13. Rac1 Qb8 14. a5 Qa7 15. Nc4 Rac8 16. Nfe5 Qa8 17. f3 Rfd8 18. Nxd7 Nxd7 19. Rfd1 Bc6 20. Ne5 Nxe5 21. dxe5 Bb7 22. Bc4 Rxd1+ 23. Rxd1 Rd8 24. Ra1 Bd5 25. Re1 Bxc4 26. Qxc4 Qd5 27. Qxd5 exd5 28. Rc1 Rc8 29. e4 dxe4 30. fxe4 Kf8 31. Bd4 Ke8 32. Kf2 Kd7 33. Be3 Ke6 34. Bf4 Bd8 35. Kf3 Be7 36. g4 Kd7 37. g5 Kc6 38. Ke2 Kb5 39. Ra1 c4 40. bxc4+ Rxc4 41. Kd3 Rc3+ 42. Ke2 b3 43. Bd2 Rh3 44. Bf4 Bc5 45. Bg3 Kc4 46. Rc1+ Kb4 47. Kd2 Rh5 48. h4 h6 49. Rf1 hxg5 50. hxg5 Rxg5 51. Rf3 Ka3 52. Be1 Bb4+ 53. Ke2 Bxe1 54. Kxe1 Ka2 55. Rxf7 b2 56. Rb7 Rxe5 57. Kd2 b1=Q 58. Rxb1 Kxb1 59. Ke3 Rxa5 60. Kf4 Rb5 61. e5 a5 62. e6 a4 63. Ke4 Rb8 64. Kf5 Re8 65. Kg6 Rxe6+ 66. Kxg7 Re2 67. Kf7 a3 0-1


[Site "https://www.chess.com"]

[Event "Titled Tuesday Blitz October 18 Late 2022"]
[White "Papayan, Oleg"]
[Black "Carbone, Diego"]
[WhiteFideId "4193911"]
[BlackFideId "3002179"]
[WhiteElo "2153"]
[BlackElo "2243"]
[Result "1-0"]
[Round "09"]
[TimeControl "180+1"]
[Date "2022.10.19"]
[WhiteClock "0:00:41"]
[BlackClock "0:01:43"]

1. e4 e5 2. Nf3 Nc6 3. Bb5 a6 4. Bxc6 dxc6 5. O-O Bg4 6. h3 h5 7. d3 Qf6 8. Nbd2 g5 9. Re1 Be6 10. Nf1 g4 11. hxg4 hxg4 12. N3h2 Qg7 13. g3 O-O-O 14. Ne3 Qh7 15. Nexg4 Kb8 16. Bg5 Bxg4 17. Qxg4 Qxh2+ 18. Kf1 Be7 19. Ke2 Bxg5 20. Rh1 Qh5 21. Rxh5 1-0


[Site "https://www.chess.com"]

[Event "Titled Tuesday Blitz October 18 Late 2022"]
[White "Petrova, Irina"]
[Black "Ezat, Mohamed"]
[WhiteFideId "14124122"]
[BlackFideId "10600906"]
[WhiteElo "2023"]
[BlackElo "2386"]
[Result "0-1"]
[Round "09"]
[TimeControl "180+1"]
[Date "2022.10.19"]
[WhiteClock "0:00:02"]
[BlackClock "0:01:10"]

1. e4 e5 2. Nf3 Nf6 3. Nxe5 d6 4. Nf3 Nxe4 5. Bd3 d5 6. O-O Bd6 7. Re1 O-O 8. Bxe4 dxe4 9. Rxe4 Bf5 10. Re1 Bg4 11. Nc3 Nc6 12. h3 Bh5 13. Ne4 Re8 14. g4 Bg6 15. Nxd6 Qxd6 16. d3 Rxe1+ 17. Qxe1 f5 18. Bd2 fxg4 19. hxg4 Re8 20. Qf1 Rf8 21. Qg2 Bf7 22. Ng5 Bd5 23. Ne4 Qd7 24. c3 Ne5 25. Be3 h6 26. Nc5 Qf7 27. Ne4 Nxd3 28. Rd1 Bxe4 29. Qxe4 Nxf2 30. Bxf2 Qxf2+ 31. Kh1 Qxb2 32. Qd5+ Kh8 33. Qe4 Qxc3 34. Rd7 Qa1+ 35. Kg2 Qxa2+ 36. Kh3 Qb3+ 37. Kh4 Qb6 38. Qe7 Qf2+ 39. Kh5 Qh2+ 40. Qh4 g6+ 41. Kxg6 Rg8+ 0-1


[Site "https://www.chess.com"]

[Event "Titled Tuesday Blitz October 18 Late 2022"]
[White "Pinheiro, Iung Alicio de O."]
[Black "Fajdetic, Hrvoje"]
[WhiteFideId "2104350"]
[BlackFideId "14501945"]
[WhiteElo "2283"]
[BlackElo "2172"]
[Result "1-0"]
[Round "09"]
[TimeControl "180+1"]
[Date "2022.10.18"]
[WhiteClock "0:00:14"]
[BlackClock "0:00:08"]

1. e4 e6 2. d4 d5 3. e5 c5 4. c3 Nc6 5. Nf3 Bd7 6. Bd3 cxd4 7. O-O f6 8. Bf4 fxe5 9. Nxe5 Nf6 10. Nxc6 bxc6 11. cxd4 Be7 12. Nd2 O-O 13. Be5 c5 14. dxc5 Bxc5 15. Rc1 Bb6 16. Qe2 Rc8 17. h3 Qe7 18. Nf3 Rxc1 19. Rxc1 Rc8 20. Re1 Rf8 21. a3 Nh5 22. Bd4 Nf4 23. Qe3 Nxd3 24. Qxd3 Bxd4 25. Qxd4 Bc6 26. Qe5 Rf6 27. Nd4 Bd7 28. Qxd5 Qb4 29. Qa8+ Qf8 30. Qxa7 Bc8 31. Nc6 h6 32. Rc1 Kh8 33. Ne7 Ba6 34. Qxa6 Qxe7 35. Rc8+ Kh7 36. Qd3+ Rg6 37. Rc4 h5 38. Re4 Qg5 39. Qf3 Qc1+ 40. Kh2 Qg5 41. g3 Kh6 42. Qf4 Qxf4 43. Rxf4 Rg5 44. b4 Rb5 45. a4 Rb8 46. b5 Kg6 47. Rb4 e5 48. b6 Kf5 49. a5 h4 50. a6 1-0


[Site "https://www.chess.com"]

[Event "Titled Tuesday Blitz October 18 Late 2022"]
[White "Prydun, Andriy"]
[Black "Zochowski, Kacper"]
[WhiteFideId "14145898"]
[BlackFideId "1125494"]
[WhiteElo "2163"]
[BlackElo "2292"]
[Result "1-0"]
[Round "09"]
[TimeControl "180+1"]
[Date "2022.10.19"]
[WhiteClock "0:01:29"]
[BlackClock "0:01:31"]

1. e4 d6 2. d4 g6 3. Nc3 Bg7 4. Be3 a6 5. a4 b6 6. g3 Bb7 7. Bg2 Nd7 8. Nge2 e6 9. O-O Ne7 10. Qd2 h6 11. Rad1 Kf8 12. f4 Kg8 13. d5 exd5 14. exd5 Nf5 15. Bf2 Kh7 16. Nd4 Nxd4 17. Bxd4 Bxd4+ 18. Qxd4 Qf6 19. Qc4 Rac8 20. Rfe1 Nc5 21. b4 b5 22. axb5 axb5 23. Nxb5 Nd7 24. Bh3 Nb6 25. Qd4 Qxd4+ 26. Nxd4 Rce8 27. Nb5 Nxd5 28. Rxe8 Rxe8 29. Rxd5 Bxd5 30. Nxc7 Re1+ 31. Kf2 Rd1 32. Bg4 Rd4 33. c3 Rd3 34. Be2 Rd2 35. Ke3 Rd1 36. Bxd1 1-0


[Site "https://www.chess.com"]

[Event "Titled Tuesday Blitz October 18 Late 2022"]
[White "Radovic, Janko"]
[Black "Golubev, Mikhail"]
[WhiteFideId "911518"]
[BlackFideId "14100983"]
[WhiteElo "2318"]
[BlackElo "2374"]
[Result "1-0"]
[Round "09"]
[TimeControl "180+1"]
[Date "2022.10.18"]
[WhiteClock "0:01:02"]
[BlackClock "0:00:07"]

1. Nf3 d6 2. c4 g6 3. g3 Bg7 4. Bg2 e5 5. O-O Nc6 6. Nc3 f5 7. d3 h6 8. Rb1 a5 9. a3 g5 10. Bd2 Nf6 11. b4 axb4 12. axb4 O-O 13. b5 Ne7 14. Ne1 f4 15. Nc2 Nf5 16. Nb4 Nd4 17. e3 Bg4 18. f3 fxe3 19. Bxe3 Bh5 20. Qd2 Nd7 21. Bxd4 exd4 22. Ne4 Nc5 23. Nd5 c6 24. bxc6 bxc6 25. Nb4 Qc7 26. f4 gxf4 27. Rxf4 Rxf4 28. Qxf4 Bg6 29. Nxc5 Rf8 30. Ne6 Rxf4 31. Nxc7 Rf7 32. Ne6 c5 33. Nxg7 Rxg7 34. Nd5 Bxd3 35. Rb8+ Kh7 36. Nf4 Bf5 37. Rf8 Rg5 38. Rxf5 1-0


[Site "https://www.chess.com"]

[Event "Titled Tuesday Blitz October 18 Late 2022"]
[White "Remolar Gallen, Jose"]
[Black "Barria Zuniga, Daniel"]
[WhiteFideId "2215187"]
[BlackFideId "3400816"]
[WhiteElo "2214"]
[BlackElo "2414"]
[Result "0-1"]
[Round "09"]
[TimeControl "180+1"]
[Date "2022.10.18"]
[WhiteClock "0:00:01"]
[BlackClock "0:00:17"]

1. d4 g6 2. e4 Bg7 3. Nc3 c5 4. dxc5 Bxc3+ 5. bxc3 Nf6 6. e5 Ne4 7. Qd4 Qa5 8. Qb4 Qxc5 9. Be3 Qxc3+ 10. Qxc3 Nxc3 11. Bc4 b6 12. Bd4 Na4 13. O-O-O Nc6 14. Ba1 Nc5 15. e6 f6 16. exd7+ Bxd7 17. Nf3 O-O-O 18. h4 e5 19. h5 Be6 20. Bxe6+ Nxe6 21. hxg6 hxg6 22. Rxd8+ Rxd8 23. Rh6 Ne7 24. g3 Kd7 25. Rh7 Rg8 26. Bc3 Rg7 27. Rh8 Nd5 28. Bd2 e4 29. Nh4 Kd6 30. c4 Rc7 31. Kd1 Rxc4 32. Nxg6 Ra4 33. Rb8 Rxa2 34. Rb7 Nd4 0-1


[Site "https://www.chess.com"]

[Event "Titled Tuesday Blitz October 18 Late 2022"]
[White "Reprintsev, Alexander"]
[Black "Zeynalli, Rashad"]
[WhiteFideId "14100541"]
[BlackFideId "13403320"]
[WhiteElo "2230"]
[BlackElo "2125"]
[Result "1/2-1/2"]
[Round "09"]
[TimeControl "180+1"]
[Date "2022.10.19"]
[WhiteClock "0:00:10"]
[BlackClock "0:00:09"]

1. e4 e5 2. f4 d5 3. exd5 e4 4. d3 Nf6 5. Qe2 Qxd5 6. Nc3 Bb4 7. Bd2 Bxc3 8. Bxc3 Nbd7 9. dxe4 Qxe4 10. Qxe4+ Nxe4 11. Bxg7 Rg8 12. Be5 Nxe5 13. fxe5 Bf5 14. Rd1 Ke7 15. Nf3 Rad8 16. Rxd8 Rxd8 17. Bd3 Bg6 18. O-O Rd5 19. Re1 Nc5 20. Bxg6 hxg6 21. Kf2 Ne6 22. g3 c6 23. c3 Nc5 24. Re2 Nd3+ 25. Kg2 Ke6 26. Nd4+ Ke7 27. e6 f6 28. h4 c5 29. Nf3 Rd6 30. Rd2 Ne1+ 31. Kf2 Rxd2+ 32. Nxd2 Nd3+ 33. Ke3 Nxb2 34. g4 Nd1+ 35. Kf4 Nxc3 36. h5 gxh5 37. gxh5 Kxe6 38. h6 Kf7 39. Kf5 Nb5 40. Ne4 Nd4+ 41. Kf4 Ne6+ 42. Kf5 Nd4+ 43. Kf4 b6 44. h7 Ne6+ 45. Kf5 Nd4+ 46. Kf4 Kg7 47. Nxf6 c4 48. Ke4 c3 49. Kd3 c2 50. Kd2 b5 51. Kc1 b4 52. Nd5 a5 53. Ne3 Kxh7 54. Nxc2 Nc6 55. Kb2 Kg6 56. Kb3 Kf5 57. Kc4 Ke4 58. Kc5 Kd3 59. Ne1+ Ke2 60. Kxc6 Kxe1 61. Kb5 Kd2 62. Kxa5 Kc3 63. Ka4 Kc4 64. Ka5 Kc5 65. Ka4 Kc4 66. Ka5 Kc3 67. Kb5 b3 68. axb3 Kxb3 1/2-1/2


[Site "https://www.chess.com"]

[Event "Titled Tuesday Blitz October 18 Late 2022"]
[White "Riehle, Marco"]
[Black "Pap, Gyula"]
[WhiteFideId "12904392"]
[BlackFideId "725323"]
[WhiteElo "2462"]
[BlackElo "2519"]
[Result "1-0"]
[Round "09"]
[TimeControl "180+1"]
[Date "2022.10.18"]
[WhiteClock "0:01:12"]
[BlackClock "0:00:28"]

1. e4 e5 2. Nf3 Nc6 3. Bc4 Bc5 4. O-O Nf6 5. d4 Bxd4 6. Nxd4 Nxd4 7. Bg5 h6 8. Bh4 g5 9. f4 d5 10. exd5 gxh4 11. fxe5 Nxd5 12. Qxd4 Be6 13. Nc3 Nb6 14. Qxd8+ Rxd8 15. Bxe6 fxe6 16. Nb5 Rd2 17. Nxc7+ Kd7 18. Rf7+ Kc8 19. Nxe6 Re8 20. Nf4 Rxe5 21. h3 Rxc2 22. Rd1 Rxb2 23. Nd3 Rbb5 24. Rc1+ Kd8 25. Nxe5 Rxe5 26. Rxb7 Ra5 27. Rf1 Ke8 28. Rf6 Nd7 29. Re6+ Kf7 30. Rd6 1-0


[Site "https://www.chess.com"]

[Event "Titled Tuesday Blitz October 18 Late 2022"]
[White "Rodriguez Santiago, Jaime"]
[Black "Curtis, John"]
[WhiteFideId "3100898"]
[BlackFideId "3200256"]
[WhiteElo "2025"]
[BlackElo "2203"]
[Result "0-1"]
[Round "09"]
[TimeControl "180+1"]
[Date "2022.10.19"]
[WhiteClock "0:01:02"]
[BlackClock "0:01:17"]

1. c4 Nf6 2. Nc3 e5 3. g3 c6 4. e4 d5 5. exd5 cxd5 6. cxd5 Nxd5 7. Bg2 Nc7 8. Nge2 Nc6 9. O-O Bc5 10. b3 O-O 11. Bb2 Nd4 12. Na4 Nxe2+ 13. Qxe2 Bd4 14. Nc3 Rb8 15. Rac1 b5 16. Ba1 Bb7 17. Bxb7 Rxb7 18. Ne4 Ne6 19. h3 a6 20. Kh2 Qd7 21. f4 Bxa1 22. Rxa1 exf4 23. gxf4 Nd4 24. Qg2 Rb6 25. Rg1 Rg6 26. Qf2 Re8 27. Rxg6 hxg6 28. d3 f5 29. Ng5 Re2 30. Qxe2 Nxe2 31. Re1 Nxf4 32. Kg3 Nxd3 33. Re6 Qd8 34. h4 Nc5 35. Rc6 Ne4+ 36. Kf4 Nxg5 37. hxg5 Qd4+ 0-1


[Site "https://www.chess.com"]

[Event "Titled Tuesday Blitz October 18 Late 2022"]
[White "Romero Ruscalleda, Josep"]
[Black "Arnold, Ken"]
[WhiteFideId "2231859"]
[BlackFideId "2056836"]
[WhiteElo "2308"]
[BlackElo "2322"]
[Result "1-0"]
[Round "09"]
[TimeControl "180+1"]
[Date "2022.10.19"]
[WhiteClock "0:00:13"]
[BlackClock "0:00:04"]

1. e4 e5 2. Nf3 Nf6 3. Nxe5 d6 4. Nf3 Nxe4 5. Nc3 Nxc3 6. dxc3 Be7 7. Bf4 O-O 8. Qd2 Nc6 9. O-O-O Bg4 10. Be2 Bf6 11. h3 Be6 12. Kb1 a6 13. g4 b5 14. g5 Be7 15. Nd4 Nxd4 16. cxd4 Bd5 17. Rhg1 Qc8 18. h4 Re8 19. h5 Bf8 20. g6 Bxa2+ 21. Ka1 Bd5 22. Bd3 Be4 23. gxf7+ Kxf7 24. h6 g6 25. Be2 d5 26. Be5 Bf5 27. Bf3 c6 28. Qf4 Be7 29. Bg4 Bf6 30. Rde1 Bxe5 31. Rxe5 Rxe5 32. Qxe5 Bxg4 33. Qg7+ Ke8 34. Re1+ Be6 35. Qxh7 Kd8 36. Qxg6 Bd7 37. Qd6 Qb8 38. Qf6+ Kc7 39. h7 Qh8 40. Qf4+ Kb7 41. Re7 Rd8 42. Qd6 Kc8 43. Ka2 Qf8 44. c3 Qxf2 45. h8=Q 1-0


[Site "https://www.chess.com"]

[Event "Titled Tuesday Blitz October 18 Late 2022"]
[White "Rosen, Eric"]
[Black "Storey, Charles H"]
[WhiteFideId "2032562"]
[BlackFideId "406686"]
[WhiteElo "2362"]
[BlackElo "2252"]
[Result "1-0"]
[Round "09"]
[TimeControl "180+1"]
[Date "2022.10.19"]
[WhiteClock "0:00:03"]
[BlackClock "0:00:01"]

1. d4 g6 2. e4 Bg7 3. Nf3 d6 4. Bc4 e6 5. Bb3 Ne7 6. O-O Nd7 7. Re1 b6 8. Nbd2 Bb7 9. Nf1 O-O 10. c3 e5 11. Ng3 c5 12. Be3 Nc6 13. Qd2 cxd4 14. cxd4 exd4 15. Nxd4 Nc5 16. Bd5 Nxd4 17. Bxd4 Bxd4 18. Qxd4 Bxd5 19. Qxd5 Qf6 20. Re2 Rad8 21. Rd1 Ne6 22. Red2 Nf4 23. Qb7 h5 24. Qxa7 Qg5 25. f3 h4 26. Nf1 Qc5+ 27. Kh1 Ra8 28. Qe7 h3 29. g3 Ne6 30. Qxd6 Rxa2 31. b4 Qxd6 32. Rxd6 Rb8 33. R1d2 Ra1 34. Kg1 Rc8 35. Rd1 Rxd1 36. Rxd1 Rc4 37. Kf2 Rxb4 38. Rd2 Nc5 39. Ne3 Kg7 40. g4 Ne6 41. Kg3 g5 42. Nf5+ Kf6 43. Kxh3 Rb3 44. Kg3 b5 45. Rd6 Ke5 46. Rd5+ Kf6 47. h4 gxh4+ 48. Nxh4 b4 49. Rf5+ Ke7 50. Rb5 Nd4 51. Nf5+ Nxf5+ 52. gxf5 Rb1 53. Kf4 b3 54. Rb6 f6 55. Rb7+ Kf8 56. e5 fxe5+ 57. Kxe5 b2 58. Kf6 Ke8 59. Rb8+ Kd7 60. Rb3 Kd6 61. Kf7 Ke5 62. f6 1-0


[Site "https://www.chess.com"]

[Event "Titled Tuesday Blitz October 18 Late 2022"]
[White "Rustemov, Alexander"]
[Black "Noboa Silva, Kevin"]
[WhiteFideId "4119002"]
[BlackFideId "3618471"]
[WhiteElo "2754"]
[BlackElo "2178"]
[Result "1-0"]
[Round "09"]
[TimeControl "180+1"]
[Date "2022.10.18"]
[WhiteClock "0:00:04"]
[BlackClock "0:00:03"]

1. d4 e6 2. c4 Bb4+ 3. Bd2 a5 4. Nf3 Nf6 5. g3 b6 6. Bg2 Bb7 7. O-O Bxd2 8. Qxd2 O-O 9. Qf4 d6 10. Nc3 Nfd7 11. e4 Qf6 12. Qd2 e5 13. Rad1 exd4 14. Nxd4 Nc5 15. Rfe1 Nbd7 16. b3 Rfe8 17. h3 Rac8 18. Kh2 Ba8 19. f4 h5 20. h4 Rb8 21. a3 Ne6 22. Ndb5 Qd8 23. Bf3 Nf6 24. Kg2 Nc5 25. Qc2 Bc6 26. b4 axb4 27. axb4 Na6 28. Qb1 Bd7 29. e5 dxe5 30. Rxe5 Qc8 31. Rde1 Bh3+ 32. Kf2 Qd7 33. Nd5 Ng4+ 34. Bxg4 Bxg4 35. Re7 Rxe7 36. Rxe7 Qd8 37. Qe4 c6 38. Nbc3 cxd5 39. Nxd5 Be6 40. Rxe6 fxe6 41. Qxe6+ Kh8 42. Ne7 Qd4+ 43. Kf3 Qd3+ 44. Kf2 Nxb4 45. Qf7 Qd4+ 46. Kf3 Qd3+ 47. Kf2 Qd2+ 48. Kf3 Qc3+ 49. Kg2 Qc2+ 50. Kh3 Rd8 51. Qxh5+ Qh7 52. Ng6+ Kg8 53. Qf5 Qh6 54. h5 Nc6 55. Qe6+ Kh7 56. Qxc6 Qxh5+ 57. Nh4 Qh6 58. Qe4+ Kh8 59. Kg4 Qf6 60. Ng6+ Kg8 61. Ne5 Qe6+ 62. Kg5 Qe7+ 63. Kg4 Rd6 64. Qa8+ Qf8 65. Qb7 Rf6 66. Qd5+ Kh7 67. Nd7 Rg6+ 68. Kf3 Qe7 69. Qh5+ Rh6 70. Qf5+ g6 71. Qg4 Rh5 72. Ne5 Qf6 73. Qd7+ Kh6 74. Ng4# 1-0


[Site "https://www.chess.com"]

[Event "Titled Tuesday Blitz October 18 Late 2022"]
[White "Sanchez, Robert"]
[Black "Zierk, Steven"]
[WhiteFideId "2034360"]
[BlackFideId "2034255"]
[WhiteElo "2396"]
[BlackElo "2494"]
[Result "0-1"]
[Round "09"]
[TimeControl "180+1"]
[Date "2022.10.19"]
[WhiteClock "0:00:04"]
[BlackClock "0:00:23"]

1. e4 c6 2. d4 d5 3. e5 Bf5 4. Nf3 e6 5. Be2 c5 6. O-O Nc6 7. c3 h6 8. Re1 Qb6 9. Nbd2 cxd4 10. Nxd4 Nge7 11. N2f3 Be4 12. Be3 Qd8 13. Qb3 Qd7 14. Nd2 Bg6 15. f4 Nxd4 16. cxd4 Nc6 17. Nf3 Be7 18. Rac1 O-O 19. Bb5 Rfc8 20. Qa4 Qc7 21. Bxc6 bxc6 22. Nd2 Rab8 23. Nb3 Bd3 24. Nc5 Bxc5 25. Rxc5 Rxb2 26. Qa3 Re2 27. Rxe2 Bxe2 28. f5 exf5 29. Qc1 Bd3 30. Bxh6 gxh6 31. Qxh6 f4 32. Rc3 Qb6 33. Qg5+ Bg6 34. Qxf4 Qb1+ 35. Rc1 Qxa2 36. h4 Qe2 37. Rf1 c5 38. Qg5 Re8 39. Rf2 Qd1+ 40. Kh2 Qxd4 41. h5 Qxe5+ 42. Qxe5 Rxe5 43. hxg6 fxg6 44. Rf6 Kg7 45. Ra6 Re7 0-1


[Site "https://www.chess.com"]

[Event "Titled Tuesday Blitz October 18 Late 2022"]
[White "Sargsyan, Anna M."]
[Black "Goncalves, Davi Sulzbacher"]
[WhiteFideId "13308130"]
[BlackFideId "2154510"]
[WhiteElo "2284"]
[BlackElo "2182"]
[Result "1-0"]
[Round "09"]
[TimeControl "180+1"]
[Date "2022.10.19"]
[WhiteClock "0:00:17"]
[BlackClock "0:00:04"]

1. d4 Nf6 2. c4 e6 3. Nf3 b6 4. g3 Ba6 5. Qc2 Bb4+ 6. Bd2 Be7 7. Bg2 c6 8. O-O d5 9. b3 Nbd7 10. Re1 Rc8 11. cxd5 cxd5 12. Qb2 O-O 13. Nc3 Ne4 14. Nxe4 dxe4 15. Ne5 Nxe5 16. dxe5 Qd5 17. Rad1 Rfd8 18. h4 Bc5 19. Qb1 Qxe5 20. Bf4 Qc3 21. Bxe4 e5 22. Rc1 Qa5 23. Bg5 f6 24. Bxh7+ Kh8 25. Qg6 Bxf2+ 26. Kxf2 Rxc1 27. Rxc1 Qxa2 28. Rc2 Qxb3 29. Qh5 fxg5 30. Rc7 Rf8+ 31. Bf5+ 1-0


[Site "https://www.chess.com"]